AoeStats
← |F*ck!n| nanO''

Arabian Desert

510099456Analyzed
1v1 RM · 2d ago on Sep 29, 2026· 31m 51s· 2 players
Game mode
Random Map
Map size
Tiny (2 player)
Population
200
Speed
Normal
Resources
Standard
Victory
Conquest
Starting age
Dark Age
Ending age
Imperial Age
RankedLock teamsTeams togetherTeam positionsShared explorationLock speedFull tech treeHidden civsTurbo modeCheats
Victory
Defeat
🇩🇰 Vietnamese · Denmark
703
+15
🇪🇸 Gurjaras · Spain
687
-15
|F*ck!n| nanO''
9:36 Loom
11:42 Feudal Age
12:46 Double-Bit Axe
14:19 Wheelbarrow
13:50 Gold Mining
13:50 Horse Collar
19:56 Castle Age
18:48 Bloodlines
19:04 Stone Mining
26:00 Husbandry
26:50 Forging
26:57 Scale Barding Armor
AntOfScience
6:59 Loom
9:50 Feudal Age
10:19 Double-Bit Axe
14:17 Horse Collar
15:29 Fletching
20:02 Wheelbarrow
22:46 Castle Age
21:16 Gold Mining
21:59 Forging
23:44 Bloodlines
23:37 Husbandry
23:01 Crossbowman
24:08 Bodkin Arrow
24:48 Iron Casting
24:49 Bow Saw
27:09 Heavy Plow
30:39 Stone Mining
Connection lost

Rejoining the realm…

Still unreachable

The connection could not be restored.

Session expired

The server has moved on; the page needs a fresh start.